 Dungeon Crawl Stone Soup version 0.30-a0-989-g0d87f670db (webtiles) character file.

Game seed: 10357299436847551429

24 Newt the Trooper (level 2, 0/26 HPs)
             Began as a Demonspawn Gladiator on Apr 3, 2023.
             Slain by Sigmund
             ... wielding a +0 scythe
              (7 damage)
             ... on level 2 of the Dungeon.
             The game lasted 00:00:51 (770 turns).

Newt the Trooper (Demonspawn Gladiator)              Turns: 770, Time: 00:00:51

Health: 0/26       AC:  3    Str: 14    XL:     2   Next: 79%
Magic:  2/2        EV: 12    Int:  9    God:
Gold:   135        SH:  0    Dex: 14    Spells: 1/1 levels left

rFire   . . .      SeeInvis .    h - +2 short sword (drain)
rCold   . . .      Faith    .    (no shield)
rNeg    . . .      Spirit   .    b - +0 leather armour
rPois   .          Reflect  .    (helmet restricted)
rElec   .          Rampage  .    (no cloak)
rCorr   .                        (no gloves)
Will    .....                    (no boots)
Stlth   +                        (no amulet)
HPRegen 0.24/turn                (no ring)
MPRegen 0.08/turn                (no ring)

@: no status effects
A: ignite blood 1, horns 1, robust 1
a: no special abilities


You were on level 2 of the Dungeon.
You visited 1 branch of the dungeon, and saw 2 of its levels.

You collected 135 gold pieces.

Inventory:

Hand Weapons
 a - a +0 rapier
 h - a +2 short sword of draining (weapon)
Missiles
 d - 3 throwing nets (quivered)
 e - a javelin
Armour
 b - a +0 leather armour (worn)
 c - a +0 helmet
Potions
 i - a potion of resistance
 j - a potion of degeneration


   Skills:
 + Level 3.4 Fighting
 - Level 2.6 Short Blades
 - Level 1.7 Throwing
 - Level 2.6 Dodging


You had one spell level left.
You didn't know any spells.
Your spell library was empty.

Dungeon Overview and Level Annotations

Branches:
Dungeon (2/15)

Altars:

Annotations:
D:2 Sigmund


Innate Abilities, Weirdness & Mutations

Your demonic aura sometimes causes spilled blood to erupt in flames.
You have a pair of small horns on your head.
You are robust. (+10% HP)


Message History

You kill the hobgoblin!
You completely miss the frilled lizard. The frilled lizard closely misses you.
Sigmund the Dreaded comes into view.
He is wielding a +0 scythe.
You barely miss the frilled lizard.
Sigmund shouts!
The frilled lizard misses you.
You hit the frilled lizard. You drain the frilled lizard.
You kill the frilled lizard!
Sigmund gestures wildly while chanting.
Sigmund flickers and vanishes!
Deactivating autopickup; reactivate with Ctrl-A.
You see here a hobgoblin corpse.
The worm barely misses you.
You hit the worm.
The worm is moderately wounded.
Something hits you.
You hit the worm.
The worm is moderately wounded.
The worm bites you but does no damage.
You hit the worm. You drain the worm.
The worm is severely wounded.
Something hits you!
An adder comes into view.
You are too injured to fight recklessly!
There are monsters nearby!
Unknown command.
You hear some strange, mumbled words.
You are confused.
You bump into the rock wall.
The worm barely misses you. Something hits you.
* * * LOW HITPOINT WARNING * * *
You see here a frilled lizard corpse.
Really quaff the potion of mutation?
You feel extremely strange.
You feel robust. A pair of horns grows on your head!
Your +0 helmet falls away!
You bump into the rock wall.
You feel less confused. Something hits you!
You die...

...# ##### ##..# ## .#..
.... S. ..# #..# .# # #.#
#.. .##..# .# .# #.#
#..#.##..##.##..## #.#
#....##...........
##.####.#..##.#w†.##....
###.............@.......##
#.....###.#.............#
#.#...# #.#.####....#.....
#.###.# #.......?...#.###.
#.###.#####.####......#
#...................#.#
#####.#####.........#...
#.# #.####..### ##.
#####.#####.# #..#


You could see a worm (drained).

Vanquished Creatures
  An endoplasm (D:2)
  2 giant cockroaches
  5 hobgoblins
  3 kobolds (D:1)
  A quokka (D:1)
  A ball python (D:1)
  5 bats (D:1)
  2 frilled lizards
  2 rats (D:1)
22 creatures vanquished.

Notes
Turn   | Place    | Note
-------+----------+-------------------------------------------
     0 | D:1      | Newt the Demonspawn Gladiator began the quest for the Orb.
     0 | D:1      | Reached XP level 1. HP: 16/16 MP: 1/1
   236 | D:1      | Gained mutation: Your demonic aura sometimes causes spilled
                  | blood to erupt in flames. [demonic ancestry]
   236 | D:1      | Reached XP level 2. HP: 23/23 MP: 2/2
   405 | D:1      | Reached skill level 3 in Fighting
   756 | D:2      | Noticed Sigmund
   769 | D:2      | Gained mutation: You are robust. (+10% HP) [potion of
                  | mutation]
   769 | D:2      | Gained mutation: You have a pair of small horns on your
                  | head. [potion of mutation]
   770 | D:2      | Slain by Sigmund

Illustrated notes

Levels and vault maps discovered:
D:1:      dpeg_arrival_oval, layout_loops_ring
D:2:      layout_loops_ring, dreamdust_ecumenical_altar_drowned_temple,
          uniq_sigmund

Skill      XL: |  1  2 |
---------------+-------+-----
Fighting       | 3 |  3.4
Short Blades   | |  2.6
Throwing       | |  1.7
Dodging        | |  2.6

Action                     || total
---------------------------++-------
  Melee: Rapier            ||    33
         Short sword       ||    35
    Use: Scroll            ||     4
         Potion            ||     1
 Armour: Leather armour    ||    27
  Dodge: Dodged            ||    46

Table legend: (Time is in decaauts)
 A = Elapsed time spent in this place.
 B = Non-inter-level travel time spent in this place.
 C = Inter-level travel time spent in this place.
 D = Time resting spent in this place.
 E = Time spent auto-exploring this place.
 F = Levels seen in this place.
 G = Mean time per level.
                   A        B        C        D        E       F      G
               +--------+--------+--------+--------+--------+-----+--------+
         Total |    766 |    744 |     22 |      0 |    589 |   2 |  383.0 |
       Dungeon |    766 |    744 |     22 |      0 |    589 |   2 |  383.0 |
               +--------+--------+--------+--------+--------+-----+--------+

Top non-repeatable levels by time:
     D:1: 681 daAuts
     D:2: 84 daAuts
